River Rats vs Harfangs
(R1)
Created - 12 février 2014 at 22:38
Goals
|
| River Rats |
3 |
2 |
2 |
0 |
0 |
7 |
| Harfangs |
1 |
2 |
4 |
0 |
1 |
8 |
|
Shots
|
| River Rats |
9 |
9 |
17 |
4 |
3 |
39 |
| Harfangs |
7 |
9 |
13 |
0 |
2 |
29 |
|
1st period
1. Harfangs , Boyd Gordon 22 (Michal Repik, James Wisniewski) at 3:34
2. River Rats , Nolan Pratt 1 (Niklas Sundstrom, Peter Mueller) at 9:04
3. River Rats , Niklas Sundstrom 25 (Tyler Bozak, Martin Grenier) at 9:38
4. River Rats , Brett Maclean 19 (Andy Greene) at 18:11
Penalties :
Alex Plante (BEA) for Hooking (Minor) at 3:56, Alex Plante (BEA) for Hooking (Minor) at 10:45, Andy Greene (Alb) for Slashing (Minor) at 16:07
2nd period
5. River Rats , Mikkel Boedker 25 (Brett Maclean, Matt Jones) at 1:26
6. Harfangs , Pavel Vorobiev 26 (Petri Kontiola) at 2:58
7. River Rats , Niklas Sundstrom 26 (James Van Riemsdyk) at 13:28
8. Harfangs , Nick Holden 3 (Boyd Gordon, Pavel Vorobiev) at 15:43 (PP)
Penalties :
Tyler Bozak (Alb) for High sticking (Minor) at 4:17, Alex Killorn (BEA) for Roughing (Minor) at 8:30, Andy Greene (Alb) for Roughing (Minor) at 13:44
3rd period
9. River Rats , Mikkel Boedker 26 (Martin Grenier) at 0:05
10. Harfangs , Peter Olvecky 22 (Stefan Ruzicka) at 0:17
11. Harfangs , Stefan Ruzicka 26 (Alex Killorn) at 8:38 (PP)
12. River Rats , Niklas Sundstrom 27 (Peter Mueller, Tyler Myers) at 13:21
13. Harfangs , Stefan Ruzicka 27 (Peter Olvecky, James Wisniewski) at 19:03
14. Harfangs , Petri Kontiola 20 (Stefan Ruzicka, Peter Olvecky) at 19:11
Penalties :
Niklas Sundstrom (Alb) for Roughing (Minor) at 3:10, Tyler Bozak (Alb) for Roughing (Minor) at 8:35, Martin Grenier (Alb) for Interference (Minor) at 19:14
Overtime #1
No Goal
Penalties :
No Penalty
Shootout
Penalty Shot by Steve Quailer for River Rats - Stopped by Ray Emery
Penalty Shot by Pavel Vorobiev for Harfangs - Stopped by Adam Munro
Penalty Shot by Tyler Bozak for River Rats - Shot Misses the Net
Penalty Shot by Boyd Gordon for Harfangs - Goal!
Penalty Shot by Chris Mcallister for River Rats - Stopped by Ray Emery
Penalties :
No Penalty
Goalie Stats
Adam Munro (Alb), 22 saves from 29 shots - (0,759), OTL, 19-10-3, 65:00 minutes
Marek Schwarz (BEA), 7 saves from 10 shots - (0,700), 21:54 minutes
Ray Emery (BEA), 25 saves from 29 shots - (0,862), W, 23-10-5, 43:02 minutes
Players Stats for River Rats
Player Name G A P +/- PIM S H SB GA TA FO MP PP MP PK MP
------------------------------------------------------------------------------------
Andy Greene 0 1 1 1 4 3 5 2 0 2 0/0 25:58 3:13 2:55
Brett Maclean 1 1 2 0 0 5 2 0 1 2 0/1 21:33 2:59 2:43
Chris Mcallister 0 0 0 -2 0 3 1 2 0 0 0/1 12:52 0:00 4:57
Danny Kristo 0 0 0 -1 0 0 0 0 0 0 0/0 7:45 0:00 0:00
James Van Riemsdyk 0 1 1 5 0 2 3 0 0 0 0/0 14:23 0:14 1:12
Jamie Arniel 0 0 0 -1 0 1 1 1 0 0 1/5 6:54 0:00 0:00
Kyle Chipchura 0 0 0 0 0 1 0 2 0 0 11/15 16:10 0:00 5:42
Martin Grenier 0 2 2 1 2 1 2 2 1 2 0/0 22:40 3:13 1:43
Matt Jones 0 1 1 2 0 2 4 1 1 2 0/0 27:21 2:44 5:01
Mikkel Boedker 2 0 2 -1 0 7 3 1 0 0 2/3 18:26 2:41 0:00
Niklas Sundstrom 3 1 4 3 2 3 2 0 0 0 0/0 18:53 3:13 1:45
Nolan Pratt 1 0 1 2 0 3 1 2 0 0 0/0 27:13 2:44 4:35
Pavel Valentenko 0 0 0 -1 0 0 0 0 0 0 0/0 3:26 0:00 0:00
Peter Mueller 0 2 2 4 0 1 0 0 0 0 6/12 17:06 2:44 0:21
Sergei Kostitsyn 0 0 0 0 0 1 3 1 2 0 1/1 12:47 2:44 0:00
Shawn Lalonde 0 0 0 0 0 0 0 1 0 0 0/0 7:59 0:00 0:00
Steve Quailer 0 0 0 0 0 2 1 0 0 1 0/0 11:35 0:17 0:00
Tyler Bozak 0 1 1 -2 4 2 0 1 0 0 12/28 21:30 2:59 2:02
Tyler Myers 0 1 1 0 0 2 0 1 0 0 0/0 15:25 0:00 5:42
Players Stats for Harfangs
Player Name G A P +/- PIM S H SB GA TA FO MP PP MP PK MP
------------------------------------------------------------------------------------
Alex Killorn 0 1 1 0 2 2 2 3 0 1 15/30 20:56 4:32 0:00
Alex Plante 0 0 0 -2 4 0 0 2 0 0 0/0 12:48 0:00 0:12
Angelo Esposito 0 0 0 0 0 0 0 0 0 0 0/0 10:48 3:50 0:00
Boyd Gordon 1 1 2 -1 0 5 2 0 1 0 3/4 12:04 0:22 2:21
Brian Lashoff 0 0 0 -3 0 0 1 1 0 2 0/0 19:56 3:36 0:00
Dustin Jeffrey 0 0 0 -1 0 1 2 0 0 0 0/0 12:45 0:22 0:39
James Wisniewski 0 2 2 3 0 1 1 1 3 0 0/0 29:51 5:08 3:00
Luca Caputi 0 0 0 -2 0 0 1 0 0 0 0/0 12:09 0:00 0:00
Matt Keith 0 0 0 -3 0 2 0 1 1 0 0/1 12:54 0:22 0:00
Michal Repik 0 1 1 0 0 1 0 1 0 0 0/0 6:58 0:00 0:00
Nick Holden 1 0 1 -2 0 2 1 1 0 1 0/0 23:59 3:36 3:12
Pavel Vorobiev 1 1 2 0 0 1 4 0 0 0 0/2 19:23 3:50 3:06
Peter Olvecky 1 2 3 1 0 4 3 0 3 0 1/2 23:30 4:32 2:12
Petri Kontiola 1 1 2 1 0 3 2 0 0 0 9/19 18:26 3:50 3:06
Sasha Pokulok 0 0 0 -1 0 0 3 0 0 0 0/0 16:22 0:00 2:45
Stefan Ruzicka 2 2 4 1 0 4 2 0 0 1 2/2 20:53 4:32 0:00
Stephane Da Costa 0 0 0 -2 0 1 0 0 0 0 3/6 12:39 0:00 0:30
Victor Bartley 0 0 0 1 0 2 2 2 1 0 0/0 27:39 5:08 2:45
3 Stars
1 - Niklas Sundstrom (Alb)
2 - Stefan Ruzicka (BEA)
3 - Peter Olvecky (BEA)
Power Play
River Rats - 0 on 3 Attempt(s) - 0,00%
Harfangs - 2 on 6 Attempt(s) - 33,33%
Penalty Kill
River Rats - 4 on 6 Attempt(s) - 66,67%
- Score 0 goal in Penalty Kill
Harfangs - 3 on 3 Attempt(s) - 100,00%
- Score 0 goal in Penalty Kill
Official
Referees : Walkom Stephen and Peel Tim
Linesman : Brian Mach and Tim Nowak
Game Notes
Marek Schwarz enters game at 18:11 of 1st period
Ray Emery enters game at 0:05 of 3rd period
Niklas Sundstrom has scored a Hat Trick!
19:11 of 3rd period - Harfangs goal is going for a video replay. After video review, Goal.
Finance
Level 1 -- Attendance: 1605 (80,25%) -- Ticket Income 48 150 $
Level 2 -- Attendance: 727 (72,70%) -- Ticket Income 10 905 $
Total Attendance: 2332 (77,73%)
Total Ticket Income: 59 055 $
Other Income: 2 953 $
Total Income: 62 008 $
River Rats
5 vs 5 Forward
Center Left Wing Right Wing Time % Phy DF OF
1 Tyler Bozak Brett Maclean Mikkel Boedker 40 1 2 2
2 Peter Mueller James Van Riemsdyk Niklas Sundstrom 30 1 2 2
3 Kyle Chipchura Sergei Kostitsyn Steve Quailer 20 1 2 2
4 Jamie Arniel Chris Mcallister Danny Kristo 10 1 2 2
5 vs 5 Defense
Defense Defense Time % Phy DF OF
1 Andy Greene Matt Jones 40 1 2 2
2 Nolan Pratt Martin Grenier 30 1 2 2
3 Tyler Myers Nolan Pratt 20 1 2 2
4 Martin Grenier Shawn Lalonde 10 1 2 2
PowerPlay Forward
Center Left Wing Right Wing Time % Phy DF OF
1 Tyler Bozak Brett Maclean Niklas Sundstrom 60 0 2 3
2 Peter Mueller Sergei Kostitsyn Mikkel Boedker 40 0 2 3
PowerPlay Defense
Defense Defense Time % Phy DF OF
1 Martin Grenier Andy Greene 60 1 2 2
2 Nolan Pratt Matt Jones 40 1 2 2
Penalty Kill 4 Players Forward
Center Wing Time % Phy DF OF
1 Kyle Chipchura Chris Mcallister 60 1 2 2
2 Tyler Bozak Niklas Sundstrom 40 1 2 2
Penalty Kill 4 Players Defense
Defense Defense Time % Phy DF OF
1 Tyler Myers Andy Greene 60 1 2 2
2 Nolan Pratt Matt Jones 40 1 2 2
Penalty Kill - 3 Players Forward
Forward Time % Phy DF OF
1 Kyle Chipchura 60 1 2 2
2 Tyler Bozak 40 1 2 2
Penalty Kill - 3 Players Defense
Defense Defense Time % Phy DF OF
1 Nolan Pratt Martin Grenier 60 1 2 2
2 Matt Jones Tyler Myers 40 1 2 2
4 vs 4 Forward
Center Wing Time % Phy DF OF
1 Peter Mueller Niklas Sundstrom 60 1 2 2
2 Tyler Bozak Chris Mcallister 40 1 2 2
4 vs 4 Defense
Defense Defense Time % Phy DF OF
1 Nolan Pratt Andy Greene 60 1 2 2
2 Matt Jones Nolan Pratt 40 1 2 2
Last Minutes Offensive
Center Left Wing Right Wing Defense Defense
Peter Mueller Brett Maclean Niklas Sundstrom Matt Jones Andy Greene
Last Minutes Defensive
Center Left Wing Right Wing Defense Defense
Tyler Bozak Chris Mcallister Niklas Sundstrom Nolan Pratt Andy Greene
Goaltenders
Starting : Adam Munro
Backup : Jonathan Bernier
Extra Forwards
Normal : Steve Quailer, Danny Kristo, Brett Maclean - PP : Steve Quailer, James Van Riemsdyk - PK : Brett Maclean
Extra Defensemen
Normal : Pavel Valentenko, Matt Jones, Tyler Myers - PP : Pavel Valentenko - PK : Matt Jones, Tyler Myers
Penalty Shots
Steve Quailer, Tyler Bozak, Chris Mcallister, Niklas Sundstrom, Sergei Kostitsyn
Harfangs
5 vs 5 Forward
Center Left Wing Right Wing Time % Phy DF OF
1 Alex Killorn Peter Olvecky Stefan Ruzicka 40 1 2 2
2 Petri Kontiola Dustin Jeffrey Pavel Vorobiev 30 1 2 2
3 Stephane Da Costa Luca Caputi Matt Keith 20 1 2 2
4 Boyd Gordon Angelo Esposito Michal Repik 10 1 2 2
5 vs 5 Defense
Defense Defense Time % Phy DF OF
1 James Wisniewski Victor Bartley 40 1 2 2
2 Brian Lashoff Nick Holden 30 1 2 2
3 Sasha Pokulok Alex Plante 20 1 2 2
4 James Wisniewski Nick Holden 10 1 2 2
PowerPlay Forward
Center Left Wing Right Wing Time % Phy DF OF
1 Alex Killorn Peter Olvecky Stefan Ruzicka 60 1 2 2
2 Petri Kontiola Angelo Esposito Pavel Vorobiev 40 1 2 2
PowerPlay Defense
Defense Defense Time % Phy DF OF
1 James Wisniewski Victor Bartley 60 1 2 2
2 Nick Holden Brian Lashoff 40 1 2 2
Penalty Kill 4 Players Forward
Center Wing Time % Phy DF OF
1 Petri Kontiola Pavel Vorobiev 60 1 2 2
2 Boyd Gordon Peter Olvecky 40 1 2 2
Penalty Kill 4 Players Defense
Defense Defense Time % Phy DF OF
1 James Wisniewski Nick Holden 60 1 2 2
2 Victor Bartley Sasha Pokulok 40 1 2 2
Penalty Kill - 3 Players Forward
Forward Time % Phy DF OF
1 Petri Kontiola 60 1 2 2
2 Boyd Gordon 40 1 2 2
Penalty Kill - 3 Players Defense
Defense Defense Time % Phy DF OF
1 James Wisniewski Nick Holden 60 1 2 2
2 Victor Bartley Sasha Pokulok 40 1 2 2
4 vs 4 Forward
Center Wing Time % Phy DF OF
1 Alex Killorn Stefan Ruzicka 60 1 2 2
2 Petri Kontiola Pavel Vorobiev 40 1 2 2
4 vs 4 Defense
Defense Defense Time % Phy DF OF
1 James Wisniewski Nick Holden 60 1 2 2
2 Brian Lashoff Victor Bartley 40 1 2 2
Last Minutes Offensive
Center Left Wing Right Wing Defense Defense
Petri Kontiola Peter Olvecky Stefan Ruzicka James Wisniewski Sasha Pokulok
Last Minutes Defensive
Center Left Wing Right Wing Defense Defense
Boyd Gordon Peter Olvecky Pavel Vorobiev James Wisniewski Sasha Pokulok
Goaltenders
Starting : Ray Emery
Backup : Marek Schwarz
Extra Forwards
Normal : Pavel Vorobiev, Stefan Ruzicka, Alex Killorn - PP : Pavel Vorobiev, Stefan Ruzicka - PK : Pavel Vorobiev
Extra Defensemen
Normal : James Wisniewski, Nick Holden, Victor Bartley - PP : James Wisniewski - PK : James Wisniewski, Sasha Pokulok
Penalty Shots
Pavel Vorobiev, Boyd Gordon, Matt Keith, James Wisniewski, Petri Kontiola
% Time on Ice - River Rats
Lines # - Real PCT - Wanted PCT - Time Play
Normal Forward
1 - 35% - 40% - 15:37
2 - 27% - 30% - 12:13
3 - 23% - 20% - 10:27
4 - 15% - 10% - 6:54
Normal Defense
1 - 38% - 40% - 17:13
2 - 24% - 30% - 11:03
3 - 20% - 20% - 8:56
4 - 18% - 10% - 7:59
PP Forward
1 - 54% - 60% - 3:13
2 - 46% - 40% - 2:44
PP Defense
1 - 54% - 60% - 3:13
2 - 46% - 40% - 2:44
PK Forward
1 - 70% - 60% - 6:09
2 - 30% - 40% - 2:35
PK Defense
1 - 75% - 60% - 6:34
2 - 25% - 40% - 2:10
PK3 Forward
1 - 88% - 60% - 1:05
2 - 12% - 40% - 0:09
PK3 Defense
1 - 100% - 60% - 1:14
2 - 0% - 40% - 0:00
44 Forward
1 - 77% - 60% - 2:54
2 - 23% - 40% - 0:52
44 Defense
1 - 56% - 60% - 2:06
2 - 44% - 40% - 1:40
Last Minute Offensive - 0:00
Last Minute Defensive - 0:08
Total
Forward - 65:00
Defense - 65:00
|
% Time on Ice - Harfangs
Lines # - Real PCT - Wanted PCT - Time Play
Normal Forward
1 - 32% - 40% - 14:33
2 - 25% - 30% - 11:31
3 - 27% - 20% - 12:09
4 - 15% - 10% - 6:58
Normal Defense
1 - 40% - 40% - 17:59
2 - 32% - 30% - 14:24
3 - 26% - 20% - 11:48
4 - 2% - 10% - 1:00
PP Forward
1 - 56% - 60% - 4:54
2 - 44% - 40% - 3:50
PP Defense
1 - 59% - 60% - 5:08
2 - 41% - 40% - 3:36
PK Forward
1 - 77% - 60% - 4:34
2 - 23% - 40% - 1:23
PK Defense
1 - 54% - 60% - 3:12
2 - 46% - 40% - 2:45
PK3 Forward
1 - 0% - 60%
2 - 0% - 40%
PK3 Defense
1 - 0% - 60%
2 - 0% - 40%
44 Forward
1 - 92% - 60% - 4:35
2 - 8% - 40% - 0:25
44 Defense
1 - 49% - 60% - 2:27
2 - 51% - 40% - 2:33
Last Minute Offensive - 0:08
Last Minute Defensive - 0:00
Total
Forward - 65:00
Defense - 65:00
|
Play by Play
1st period
0:01 of 1st period - Tyler Bozak wins face-off versus Alex Killorn in neutral zone.
0:25 of 1st period - Petri Kontiola is hit by Matt Jones and loses puck.
0:44 of 1st period - Slapshot by Martin Grenier.
0:44 of 1st period - Shot Misses the Net.
1:28 of 1st period - Wrist shot by Alex Killorn.
1:28 of 1st period - Stopped by Adam Munro without a rebound.
1:29 of 1st period - Peter Olvecky wins face-off versus Tyler Bozak in River Rats zone.
1:48 of 1st period - Wrist shot by Tyler Bozak.
1:48 of 1st period - Shot Misses the Net.
1:54 of 1st period - Matt Jones is hit by Sasha Pokulok.
1:58 of 1st period - Wrist shot by Brett Maclean.
1:58 of 1st period - Stopped by Ray Emery with a rebound.
2:28 of 1st period - Wrist shot by Stefan Ruzicka.
2:28 of 1st period - Shot Blocked by Nolan Pratt.
2:34 of 1st period - Wrist shot by Brett Maclean.
2:34 of 1st period - Stopped by Ray Emery without a rebound.
2:35 of 1st period - Peter Mueller wins face-off versus Petri Kontiola in Harfangs zone.
3:10 of 1st period - Matt Keith is hit by Steve Quailer and loses puck.
3:17 of 1st period - Kyle Chipchura is hit by Luca Caputi.
3:32 of 1st period - Slapshot by Michal Repik.
3:32 of 1st period - Shot Misses the Net.
3:34 of 1st period - Wrist shot by Boyd Gordon.
3:34 of 1st period - Goal by Boyd Gordon - River Rats : 0 - Harfangs : 1.
3:35 of 1st period - Petri Kontiola wins face-off versus Peter Mueller in neutral zone.
3:56 of 1st period - Minor Penalty to Alex Plante for Hooking.
3:57 of 1st period - Petri Kontiola wins face-off versus Tyler Bozak in Harfangs zone.
4:08 of 1st period - Snap shot by Tyler Bozak.
4:08 of 1st period - Stopped by Ray Emery with a rebound.
4:29 of 1st period - Peter Olvecky is hit by Sergei Kostitsyn and loses puck.
5:02 of 1st period - Victor Bartley is hit by Sergei Kostitsyn.
5:21 of 1st period - Icing by Tyler Bozak.
5:22 of 1st period - Tyler Bozak wins face-off versus Boyd Gordon in River Rats zone.
5:35 of 1st period - Niklas Sundstrom is hit by Sasha Pokulok and loses puck.
5:56 of 1st period - Penalty to Alex Plante is over, Alex Plante is back on ice.
6:17 of 1st period - Slapshot by Boyd Gordon.
6:17 of 1st period - Shot Misses the Net.
6:32 of 1st period - Off-side.
6:33 of 1st period - Stephane Da Costa wins face-off versus Peter Mueller in neutral zone.
6:59 of 1st period - Matt Keith is hit by Mikkel Boedker and loses puck.
7:10 of 1st period - Backhand shot by Stephane Da Costa.
7:10 of 1st period - Stopped by Adam Munro with a rebound.
7:12 of 1st period - Slapshot by James Wisniewski.
7:12 of 1st period - Shot Misses the Net.
7:16 of 1st period - Slapshot by Matt Keith.
7:16 of 1st period - Deflect By Luca Caputi.
7:16 of 1st period - Shot Blocked by Andy Greene.
7:16 of 1st period - Puck is out of play.
7:17 of 1st period - Peter Mueller wins face-off versus Petri Kontiola in River Rats zone.
8:15 of 1st period - Brett Maclean is hit by James Wisniewski and loses puck.
8:34 of 1st period - Snap shot by Petri Kontiola.
8:34 of 1st period - Shot Misses the Net.
8:46 of 1st period - Wrist shot by Brett Maclean.
8:46 of 1st period - Shot Misses the Net.
8:48 of 1st period - Slapshot by Matt Jones.
8:48 of 1st period - Deflect By Peter Mueller.
8:48 of 1st period - Shot Misses the Net.
8:48 of 1st period - Puck is out of play.
8:49 of 1st period - Alex Killorn wins face-off versus Peter Mueller in Harfangs zone.
9:00 of 1st period - Slapshot by Niklas Sundstrom.
9:00 of 1st period - Shot Blocked by Alex Killorn.
9:02 of 1st period - Snap shot by Niklas Sundstrom.
9:02 of 1st period - Shot Blocked by Victor Bartley.
9:04 of 1st period - Wrist shot by Nolan Pratt.
9:04 of 1st period - Goal by Nolan Pratt - River Rats : 1 - Harfangs : 1.
9:05 of 1st period - Alex Killorn wins face-off versus Brett Maclean in neutral zone.
9:16 of 1st period - Snap shot by Peter Olvecky.
9:16 of 1st period - Stopped by Adam Munro with a rebound.
9:38 of 1st period - Snap shot by Niklas Sundstrom.
9:38 of 1st period - Goal by Niklas Sundstrom - River Rats : 2 - Harfangs : 1.
9:39 of 1st period - Peter Mueller wins face-off versus Alex Killorn in neutral zone.
10:12 of 1st period - Snap shot by Mikkel Boedker.
10:12 of 1st period - Stopped by Ray Emery with a rebound.
10:14 of 1st period - Snap shot by Mikkel Boedker.
10:14 of 1st period - Stopped by Ray Emery without a rebound.
10:15 of 1st period - Tyler Bozak wins face-off versus Petri Kontiola in Harfangs zone.
10:18 of 1st period - Slapshot by Mikkel Boedker.
10:18 of 1st period - Shot Misses the Net.
10:45 of 1st period - Minor Penalty to Alex Plante for Hooking.
10:46 of 1st period - Tyler Bozak wins face-off versus Petri Kontiola in Harfangs zone.
10:48 of 1st period - Wrist shot by Brett Maclean.
10:48 of 1st period - Stopped by Ray Emery with a rebound.
11:34 of 1st period - Peter Olvecky is hit by Niklas Sundstrom and loses puck.
12:24 of 1st period - Tyler Bozak is hit by Dustin Jeffrey and loses puck.
12:45 of 1st period - Penalty to Alex Plante is over, Alex Plante is back on ice.
12:51 of 1st period - Sergei Kostitsyn is hit by Stefan Ruzicka and loses puck.
13:18 of 1st period - Michal Repik is hit by Chris Mcallister and loses puck.
14:48 of 1st period - Jamie Arniel is hit by Boyd Gordon and loses puck.
15:31 of 1st period - Stefan Ruzicka is hit by James Van Riemsdyk and loses puck.
15:42 of 1st period - Nick Holden is hit by Mikkel Boedker and loses puck.
15:55 of 1st period - Wrist shot by Boyd Gordon.
15:55 of 1st period - Stopped by Adam Munro without a rebound.
15:56 of 1st period - Boyd Gordon wins face-off versus Jamie Arniel in River Rats zone.
15:59 of 1st period - Snap shot by Boyd Gordon.
15:59 of 1st period - Stopped by Adam Munro without a rebound.
16:00 of 1st period - Boyd Gordon wins face-off versus Jamie Arniel in River Rats zone.
16:00 of 1st period - Boyd Gordon is hit by Matt Jones.
16:07 of 1st period - Minor Penalty to Andy Greene for Slashing.
16:08 of 1st period - Kyle Chipchura wins face-off versus Alex Killorn in River Rats zone.
16:36 of 1st period - Kyle Chipchura is hit by Pavel Vorobiev.
16:42 of 1st period - Snap shot by Petri Kontiola.
16:42 of 1st period - Stopped by Adam Munro with a rebound.
16:44 of 1st period - Slapshot by Victor Bartley.
16:44 of 1st period - Shot Blocked by Chris Mcallister.
16:46 of 1st period - Snap shot by Pavel Vorobiev.
16:46 of 1st period - Shot Blocked by Chris Mcallister.
17:38 of 1st period - Petri Kontiola is hit by Brett Maclean and loses puck.
18:07 of 1st period - Penalty to Andy Greene is over, Andy Greene is back on ice.
18:11 of 1st period - Wrist shot by Brett Maclean.
18:11 of 1st period - Goal by Brett Maclean - River Rats : 3 - Harfangs : 1.
18:11 of 1st period - Marek Schwarz enters game.
18:12 of 1st period - Stephane Da Costa wins face-off versus Tyler Bozak in neutral zone.
18:37 of 1st period - Victor Bartley is hit by Andy Greene and loses puck.
18:46 of 1st period - Slapshot by Stephane Da Costa.
18:46 of 1st period - Shot Misses the Net.
18:48 of 1st period - Snap shot by Matt Keith.
18:48 of 1st period - Shot Blocked by Kyle Chipchura.
19:43 of 1st period - Nick Holden is hit by Martin Grenier and loses puck.
Goals for this period are 3 for River Rats vs 1 for Harfangs.
Shots for this period are 9 for River Rats vs 7 for Harfangs.
2nd period
0:01 of 2nd period - Alex Killorn wins face-off versus Mikkel Boedker in neutral zone.
0:06 of 2nd period - Slapshot by James Wisniewski.
0:06 of 2nd period - Stopped by Adam Munro with a rebound.
0:08 of 2nd period - Slapshot by Victor Bartley.
0:08 of 2nd period - Shot Blocked by Matt Jones.
0:57 of 2nd period - Slapshot by James Wisniewski.
0:57 of 2nd period - Deflect By Boyd Gordon.
0:57 of 2nd period - Stopped by Adam Munro with a rebound.
1:12 of 2nd period - Off-side.
1:13 of 2nd period - Tyler Bozak wins face-off versus Stephane Da Costa in neutral zone.
1:22 of 2nd period - Slapshot by Matt Jones.
1:22 of 2nd period - Stopped by Marek Schwarz with a rebound.
1:24 of 2nd period - Wrist shot by Brett Maclean.
1:24 of 2nd period - Shot Misses the Net.
1:26 of 2nd period - Slapshot by Mikkel Boedker.
1:26 of 2nd period - Goal by Mikkel Boedker - River Rats : 4 - Harfangs : 1.
1:27 of 2nd period - Alex Killorn wins face-off versus Tyler Bozak in neutral zone.
1:32 of 2nd period - Snap shot by Peter Olvecky.
1:32 of 2nd period - Shot Misses the Net.
2:23 of 2nd period - Victor Bartley is hit by Andy Greene and loses puck.
2:44 of 2nd period - Wrist shot by Stefan Ruzicka.
2:44 of 2nd period - Stopped by Adam Munro without a rebound.
2:45 of 2nd period - Tyler Bozak wins face-off versus Pavel Vorobiev in River Rats zone.
2:45 of 2nd period - Tyler Bozak is hit by Pavel Vorobiev.
2:52 of 2nd period - Icing by Brett Maclean.
2:53 of 2nd period - Tyler Bozak wins face-off versus Petri Kontiola in River Rats zone.
2:58 of 2nd period - Snap shot by Pavel Vorobiev.
2:58 of 2nd period - Goal by Pavel Vorobiev - River Rats : 4 - Harfangs : 2.
2:59 of 2nd period - Tyler Bozak wins face-off versus Alex Killorn in neutral zone.
3:47 of 2nd period - Slapshot by Nick Holden.
3:47 of 2nd period - Deflect By Matt Jones.
3:47 of 2nd period - Stopped by Adam Munro without a rebound.
3:48 of 2nd period - Kyle Chipchura wins face-off versus Matt Keith in River Rats zone.
3:57 of 2nd period - Backhand shot by Andy Greene.
3:57 of 2nd period - Shot Misses the Net.
3:59 of 2nd period - Wrist shot by Sergei Kostitsyn.
3:59 of 2nd period - Shot Misses the Net.
4:01 of 2nd period - Backhand shot by Kyle Chipchura.
4:01 of 2nd period - Shot Blocked by Alex Plante.
4:07 of 2nd period - Wrist shot by Matt Jones.
4:07 of 2nd period - Shot Misses the Net.
4:09 of 2nd period - Slapshot by Kyle Chipchura.
4:09 of 2nd period - Deflect By Sergei Kostitsyn.
4:09 of 2nd period - Stopped by Marek Schwarz without a rebound.
4:10 of 2nd period - Alex Killorn wins face-off versus Tyler Bozak in Harfangs zone.
4:15 of 2nd period - Slapshot by James Wisniewski.
4:15 of 2nd period - Shot Misses the Net.
4:17 of 2nd period - Minor Penalty to Tyler Bozak for High sticking.
4:18 of 2nd period - Kyle Chipchura wins face-off versus Peter Olvecky in River Rats zone.
5:12 of 2nd period - Kyle Chipchura is hit by Petri Kontiola and loses puck.
5:35 of 2nd period - Niklas Sundstrom is hit by Alex Killorn and loses puck.
6:17 of 2nd period - Penalty to Tyler Bozak is over, Tyler Bozak is back on ice.
6:27 of 2nd period - Snap shot by Mikkel Boedker.
6:27 of 2nd period - Stopped by Marek Schwarz with a rebound.
6:53 of 2nd period - Wrist shot by Chris Mcallister.
6:53 of 2nd period - Stopped by Marek Schwarz with a rebound.
7:18 of 2nd period - Matt Keith is hit by Matt Jones and loses puck.
7:23 of 2nd period - Snap shot by Brett Maclean.
7:23 of 2nd period - Stopped by Marek Schwarz without a rebound.
7:24 of 2nd period - Tyler Bozak wins face-off versus Petri Kontiola in Harfangs zone.
7:25 of 2nd period - Wrist shot by Mikkel Boedker.
7:25 of 2nd period - Stopped by Marek Schwarz without a rebound.
7:26 of 2nd period - Peter Mueller wins face-off versus Petri Kontiola in Harfangs zone.
8:09 of 2nd period - Nolan Pratt is hit by Peter Olvecky and loses puck.
8:30 of 2nd period - Minor Penalty to Alex Killorn for Roughing.
8:31 of 2nd period - Petri Kontiola wins face-off versus Peter Mueller in Harfangs zone.
10:17 of 2nd period - Dustin Jeffrey is hit by Mikkel Boedker and loses puck.
10:30 of 2nd period - Penalty to Alex Killorn is over, Alex Killorn is back on ice.
10:38 of 2nd period - Alex Plante is hit by Jamie Arniel and loses puck.
12:03 of 2nd period - Wrist shot by Dustin Jeffrey.
12:03 of 2nd period - Stopped by Adam Munro without a rebound.
12:04 of 2nd period - Petri Kontiola wins face-off versus Peter Mueller in River Rats zone.
12:09 of 2nd period - Snap shot by Dustin Jeffrey.
12:09 of 2nd period - Shot Misses the Net.
12:32 of 2nd period - Slapshot by Stefan Ruzicka.
12:32 of 2nd period - Stopped by Adam Munro with a rebound.
12:34 of 2nd period - Snap shot by Alex Killorn.
12:34 of 2nd period - Stopped by Adam Munro without a rebound.
12:35 of 2nd period - Alex Killorn wins face-off versus Kyle Chipchura in River Rats zone.
12:42 of 2nd period - Slapshot by Andy Greene.
12:42 of 2nd period - Stopped by Marek Schwarz without a rebound.
12:43 of 2nd period - Kyle Chipchura wins face-off versus Alex Killorn in Harfangs zone.
13:10 of 2nd period - Matt Jones is hit by Brian Lashoff and loses puck.
13:28 of 2nd period - Wrist shot by Niklas Sundstrom.
13:28 of 2nd period - Goal by Niklas Sundstrom - River Rats : 5 - Harfangs : 2.
13:29 of 2nd period - Stefan Ruzicka wins face-off versus Tyler Bozak in neutral zone.
13:41 of 2nd period - Off-side.
13:42 of 2nd period - Tyler Bozak wins face-off versus Alex Killorn in neutral zone.
13:44 of 2nd period - Minor Penalty to Andy Greene for Roughing.
13:45 of 2nd period - Alex Killorn wins face-off versus Chris Mcallister in River Rats zone.
14:21 of 2nd period - Snap shot by Petri Kontiola.
14:21 of 2nd period - Shot Misses the Net.
14:43 of 2nd period - Angelo Esposito is hit by Nolan Pratt and loses puck.
15:02 of 2nd period - James Van Riemsdyk is hit by Peter Olvecky and loses puck.
15:41 of 2nd period - Slapshot by Boyd Gordon.
15:41 of 2nd period - Shot Blocked by Kyle Chipchura.
15:43 of 2nd period - Slapshot by Nick Holden.
15:43 of 2nd period - Goal by Nick Holden - River Rats : 5 - Harfangs : 3.
15:44 of 2nd period - Petri Kontiola wins face-off versus Tyler Bozak in neutral zone.
16:53 of 2nd period - Slapshot by James Wisniewski.
16:53 of 2nd period - Shot Blocked by Jamie Arniel.
18:19 of 2nd period - Danny Kristo is hit by Sasha Pokulok and loses puck.
19:10 of 2nd period - Slapshot by Stephane Da Costa.
19:10 of 2nd period - Shot Blocked by Sergei Kostitsyn.
19:24 of 2nd period - Matt Keith is hit by Andy Greene and loses puck.
Goals for this period are 2 for River Rats vs 2 for Harfangs.
Shots for this period are 9 for River Rats vs 9 for Harfangs.
3rd period
0:01 of 3rd period - Mikkel Boedker wins face-off versus Alex Killorn in neutral zone.
0:05 of 3rd period - Wrist shot by Mikkel Boedker.
0:05 of 3rd period - Goal by Mikkel Boedker - River Rats : 6 - Harfangs : 3.
0:05 of 3rd period - Ray Emery enters game.
0:06 of 3rd period - Tyler Bozak wins face-off versus Alex Killorn in neutral zone.
0:15 of 3rd period - Snap shot by Victor Bartley.
0:15 of 3rd period - Stopped by Adam Munro without a rebound.
0:16 of 3rd period - Stefan Ruzicka wins face-off versus Tyler Bozak in River Rats zone.
0:17 of 3rd period - Snap shot by Peter Olvecky.
0:17 of 3rd period - Goal by Peter Olvecky - River Rats : 6 - Harfangs : 4.
0:18 of 3rd period - Alex Killorn wins face-off versus Tyler Bozak in neutral zone.
0:43 of 3rd period - James Wisniewski is hit by Martin Grenier and loses puck.
1:14 of 3rd period - Slapshot by Andy Greene.
1:14 of 3rd period - Stopped by Ray Emery with a rebound.
1:54 of 3rd period - Wrist shot by Brett Maclean.
1:54 of 3rd period - Shot Misses the Net.
2:31 of 3rd period - Wrist shot by Michal Repik.
2:31 of 3rd period - Stopped by Adam Munro with a rebound.
2:42 of 3rd period - Icing by Sasha Pokulok.
2:43 of 3rd period - Jamie Arniel wins face-off versus Stephane Da Costa in Harfangs zone.
2:54 of 3rd period - Slapshot by Andy Greene.
2:54 of 3rd period - Stopped by Ray Emery with a rebound.
2:56 of 3rd period - Snap shot by Mikkel Boedker.
2:56 of 3rd period - Deflect By Tyler Bozak.
2:56 of 3rd period - Stopped by Ray Emery with a rebound.
2:58 of 3rd period - Slapshot by Andy Greene.
2:58 of 3rd period - Deflect By Mikkel Boedker.
2:58 of 3rd period - Shot Blocked by Matt Keith.
2:58 of 3rd period - Puck is out of play.
2:59 of 3rd period - Alex Killorn wins face-off versus Peter Mueller in Harfangs zone.
2:59 of 3rd period - Alex Killorn is hit by Niklas Sundstrom.
3:10 of 3rd period - Minor Penalty to Niklas Sundstrom for Roughing.
3:11 of 3rd period - Kyle Chipchura wins face-off versus Alex Killorn in River Rats zone.
3:45 of 3rd period - Slapshot by James Wisniewski.
3:45 of 3rd period - Shot Misses the Net.
4:29 of 3rd period - Icing by Peter Olvecky.
4:30 of 3rd period - Alex Killorn wins face-off versus Tyler Bozak in Harfangs zone.
4:41 of 3rd period - Chris Mcallister is hit by Pavel Vorobiev and loses puck.
5:10 of 3rd period - Penalty to Niklas Sundstrom is over, Niklas Sundstrom is back on ice.
5:19 of 3rd period - Snap shot by James Van Riemsdyk.
5:19 of 3rd period - Shot Blocked by Alex Killorn.
5:42 of 3rd period - Snap shot by Matt Keith.
5:42 of 3rd period - Shot Misses the Net.
5:44 of 3rd period - Slapshot by Matt Keith.
5:44 of 3rd period - Stopped by Adam Munro with a rebound.
5:48 of 3rd period - Snap shot by Matt Keith.
5:48 of 3rd period - Shot Blocked by Shawn Lalonde.
6:02 of 3rd period - Slapshot by Martin Grenier.
6:02 of 3rd period - Shot Misses the Net.
6:08 of 3rd period - Danny Kristo is hit by Petri Kontiola and loses puck.
6:19 of 3rd period - Niklas Sundstrom is hit by Boyd Gordon.
6:23 of 3rd period - Wrist shot by Boyd Gordon.
6:23 of 3rd period - Stopped by Adam Munro with a rebound.
6:25 of 3rd period - Wrist shot by Angelo Esposito.
6:25 of 3rd period - Shot Misses the Net.
6:27 of 3rd period - Wrist shot by Angelo Esposito.
6:27 of 3rd period - Shot Blocked by Martin Grenier.
7:01 of 3rd period - Slapshot by Matt Jones.
7:01 of 3rd period - Stopped by Ray Emery without a rebound.
7:02 of 3rd period - Petri Kontiola wins face-off versus Jamie Arniel in Harfangs zone.
7:02 of 3rd period - Petri Kontiola is hit by Andy Greene.
7:07 of 3rd period - James Wisniewski is hit by Matt Jones and loses puck.
7:44 of 3rd period - Wrist shot by Boyd Gordon.
7:44 of 3rd period - Shot Misses the Net.
8:02 of 3rd period - Slapshot by Andy Greene.
8:02 of 3rd period - Shot Misses the Net.
8:04 of 3rd period - Snap shot by Kyle Chipchura.
8:04 of 3rd period - Stopped by Ray Emery without a rebound.
8:05 of 3rd period - Kyle Chipchura wins face-off versus Stephane Da Costa in Harfangs zone.
8:20 of 3rd period - Wrist shot by Matt Keith.
8:20 of 3rd period - Stopped by Adam Munro without a rebound.
8:21 of 3rd period - Alex Killorn wins face-off versus Tyler Bozak in River Rats zone.
8:24 of 3rd period - Wrist shot by James Wisniewski.
8:24 of 3rd period - Shot Blocked by Tyler Bozak.
8:26 of 3rd period - Snap shot by Peter Olvecky.
8:26 of 3rd period - Shot Misses the Net.
8:28 of 3rd period - Wrist shot by Alex Killorn.
8:28 of 3rd period - Shot Misses the Net.
8:30 of 3rd period - Slapshot by Victor Bartley.
8:30 of 3rd period - Deflect By Brett Maclean.
8:30 of 3rd period - Stopped by Adam Munro with a rebound.
8:32 of 3rd period - Wrist shot by Alex Killorn.
8:32 of 3rd period - Deflect By Stefan Ruzicka.
8:32 of 3rd period - Shot Misses the Net.
8:32 of 3rd period - Puck is out of play.
8:33 of 3rd period - Tyler Bozak wins face-off versus Alex Killorn in River Rats zone.
8:35 of 3rd period - Minor Penalty to Tyler Bozak for Roughing.
8:36 of 3rd period - Alex Killorn wins face-off versus Kyle Chipchura in River Rats zone.
8:38 of 3rd period - Slapshot by Stefan Ruzicka.
8:38 of 3rd period - Goal by Stefan Ruzicka - River Rats : 6 - Harfangs : 5.
8:39 of 3rd period - Mikkel Boedker wins face-off versus Alex Killorn in neutral zone.
8:44 of 3rd period - Wrist shot by Martin Grenier.
8:44 of 3rd period - Deflect By James Wisniewski.
8:44 of 3rd period - Stopped by Ray Emery with a rebound.
8:50 of 3rd period - Wrist shot by Mikkel Boedker.
8:50 of 3rd period - Stopped by Ray Emery with a rebound.
8:52 of 3rd period - Snap shot by Martin Grenier.
8:52 of 3rd period - Shot Blocked by Victor Bartley.
10:22 of 3rd period - Snap shot by Peter Olvecky.
10:22 of 3rd period - Shot Blocked by Tyler Myers.
10:24 of 3rd period - Wrist shot by Peter Olvecky.
10:24 of 3rd period - Stopped by Adam Munro with a rebound.
10:36 of 3rd period - Snap shot by Nolan Pratt.
10:36 of 3rd period - Shot Misses the Net.
10:38 of 3rd period - Snap shot by Jamie Arniel.
10:38 of 3rd period - Stopped by Ray Emery with a rebound.
10:40 of 3rd period - Slapshot by Tyler Myers.
10:40 of 3rd period - Stopped by Ray Emery without a rebound.
10:41 of 3rd period - Petri Kontiola wins face-off versus Jamie Arniel in Harfangs zone.
11:06 of 3rd period - Jamie Arniel is hit by Victor Bartley and loses puck.
11:31 of 3rd period - Slapshot by Martin Grenier.
11:31 of 3rd period - Shot Blocked by Brian Lashoff.
11:35 of 3rd period - Slapshot by Chris Mcallister.
11:35 of 3rd period - Stopped by Ray Emery with a rebound.
11:45 of 3rd period - Snap shot by Martin Grenier.
11:45 of 3rd period - Shot Misses the Net.
11:47 of 3rd period - Snap shot by Chris Mcallister.
11:47 of 3rd period - Stopped by Ray Emery without a rebound.
11:48 of 3rd period - Alex Killorn wins face-off versus Tyler Bozak in Harfangs zone.
12:01 of 3rd period - Wrist shot by Mikkel Boedker.
12:01 of 3rd period - Shot Misses the Net.
12:19 of 3rd period - Off-side.
12:20 of 3rd period - Peter Mueller wins face-off versus Petri Kontiola in neutral zone.
12:59 of 3rd period - Snap shot by Niklas Sundstrom.
12:59 of 3rd period - Shot Misses the Net.
13:11 of 3rd period - Wrist shot by James Van Riemsdyk.
13:11 of 3rd period - Shot Misses the Net.
13:13 of 3rd period - Snap shot by Tyler Myers.
13:13 of 3rd period - Shot Misses the Net.
13:15 of 3rd period - Slapshot by Tyler Myers.
13:15 of 3rd period - Shot Blocked by Michal Repik.
13:17 of 3rd period - Snap shot by Peter Mueller.
13:17 of 3rd period - Shot Misses the Net.
13:19 of 3rd period - Wrist shot by Peter Mueller.
13:19 of 3rd period - Stopped by Ray Emery with a rebound.
13:21 of 3rd period - Wrist shot by Niklas Sundstrom.
13:21 of 3rd period - Goal by Niklas Sundstrom - River Rats : 7 - Harfangs : 5.
13:22 of 3rd period - Alex Killorn wins face-off versus Tyler Bozak in neutral zone.
13:25 of 3rd period - Slapshot by James Wisniewski.
13:25 of 3rd period - Shot Blocked by Mikkel Boedker.
13:49 of 3rd period - Backhand shot by Sergei Kostitsyn.
13:49 of 3rd period - Deflect By Kyle Chipchura.
13:49 of 3rd period - Shot Hit the Post.
13:49 of 3rd period - Puck is out of play.
13:50 of 3rd period - Kyle Chipchura wins face-off versus Petri Kontiola in Harfangs zone.
14:01 of 3rd period - Snap shot by Pavel Vorobiev.
14:01 of 3rd period - Shot Misses the Net.
14:03 of 3rd period - Slapshot by Dustin Jeffrey.
14:03 of 3rd period - Shot Blocked by Martin Grenier.
14:05 of 3rd period - Snap shot by Brian Lashoff.
14:05 of 3rd period - Shot Blocked by Nolan Pratt.
14:21 of 3rd period - Wrist shot by Brett Maclean.
14:21 of 3rd period - Shot Misses the Net.
14:23 of 3rd period - Slapshot by Martin Grenier.
14:23 of 3rd period - Shot Blocked by Nick Holden.
14:25 of 3rd period - Wrist shot by Brett Maclean.
14:25 of 3rd period - Shot Misses the Net.
14:44 of 3rd period - Nick Holden is hit by James Van Riemsdyk.
15:03 of 3rd period - Off-side.
15:04 of 3rd period - Kyle Chipchura wins face-off versus Alex Killorn in neutral zone.
15:11 of 3rd period - Slapshot by Nolan Pratt.
15:11 of 3rd period - Stopped by Ray Emery without a rebound.
15:12 of 3rd period - Sergei Kostitsyn wins face-off versus Alex Killorn in Harfangs zone.
15:13 of 3rd period - Slapshot by Steve Quailer.
15:13 of 3rd period - Shot Blocked by Alex Killorn.
15:15 of 3rd period - Slapshot by Nolan Pratt.
15:15 of 3rd period - Stopped by Ray Emery with a rebound.
15:17 of 3rd period - Slapshot by Nolan Pratt.
15:17 of 3rd period - Deflect By Steve Quailer.
15:17 of 3rd period - Stopped by Ray Emery without a rebound.
15:18 of 3rd period - Alex Killorn wins face-off versus Kyle Chipchura in Harfangs zone.
15:18 of 3rd period - Alex Killorn is hit by Sergei Kostitsyn.
15:48 of 3rd period - Off-side.
15:49 of 3rd period - Petri Kontiola wins face-off versus Tyler Bozak in neutral zone.
16:16 of 3rd period - Wrist shot by Matt Keith.
16:16 of 3rd period - Shot Misses the Net.
16:18 of 3rd period - Snap shot by Sasha Pokulok.
16:18 of 3rd period - Shot Misses the Net.
16:20 of 3rd period - Snap shot by Stephane Da Costa.
16:20 of 3rd period - Shot Blocked by Andy Greene.
16:34 of 3rd period - Slapshot by Mikkel Boedker.
16:34 of 3rd period - Shot Blocked by Alex Plante.
16:53 of 3rd period - Snap shot by Mikkel Boedker.
16:53 of 3rd period - Deflect By Brett Maclean.
16:53 of 3rd period - Shot Misses the Net.
16:53 of 3rd period - Puck is out of play.
16:54 of 3rd period - Kyle Chipchura wins face-off versus Petri Kontiola in Harfangs zone.
17:19 of 3rd period - Luca Caputi is hit by James Van Riemsdyk and loses puck.
17:40 of 3rd period - Jamie Arniel is hit by Alex Killorn.
18:02 of 3rd period - Peter Mueller is hit by Dustin Jeffrey and loses puck.
19:01 of 3rd period - Snap shot by Stefan Ruzicka.
19:01 of 3rd period - Deflect By Peter Olvecky.
19:01 of 3rd period - Stopped by Adam Munro with a rebound.
19:03 of 3rd period - Slapshot by Stefan Ruzicka.
19:03 of 3rd period - Goal by Stefan Ruzicka - River Rats : 7 - Harfangs : 6.
19:04 of 3rd period - Petri Kontiola wins face-off versus Tyler Bozak in neutral zone.
19:07 of 3rd period - Harfangs, Ray Emery is pulled from the net.
19:07 of 3rd period - Slapshot by Stefan Ruzicka.
19:07 of 3rd period - Shot Misses the Net.
19:09 of 3rd period - Wrist shot by Petri Kontiola.
19:09 of 3rd period - Deflect By Niklas Sundstrom.
19:09 of 3rd period - Stopped by Adam Munro with a rebound.
19:11 of 3rd period - Backhand shot by Petri Kontiola.
19:11 of 3rd period - Harfangs goal is going for a video replay.
19:11 of 3rd period - The goal is good.
19:11 of 3rd period - Goal by Petri Kontiola - River Rats : 7 - Harfangs : 7.
19:11 of 3rd period - Ray Emery from Harfangs was sent back in the game.
19:12 of 3rd period - Stephane Da Costa wins face-off versus Kyle Chipchura in neutral zone.
19:14 of 3rd period - Minor Penalty to Martin Grenier for Interference.
19:15 of 3rd period - Kyle Chipchura wins face-off versus Alex Killorn in River Rats zone.
19:40 of 3rd period - Chris Mcallister is hit by Victor Bartley and loses puck.
Goals for this period are 2 for River Rats vs 4 for Harfangs.
Shots for this period are 17 for River Rats vs 13 for Harfangs.
Overtime #1
0:01 of 1st overtime period - Kyle Chipchura wins face-off versus Alex Killorn in neutral zone.
0:06 of 1st overtime period - Wrist shot by Matt Jones.
0:06 of 1st overtime period - Shot Blocked by James Wisniewski.
0:14 of 1st overtime period - Snap shot by Stefan Ruzicka.
0:14 of 1st overtime period - Shot Misses the Net.
0:16 of 1st overtime period - Slapshot by Nick Holden.
0:16 of 1st overtime period - Shot Misses the Net.
1:06 of 1st overtime period - Brett Maclean is hit by Peter Olvecky and loses puck.
1:14 of 1st overtime period - Penalty to Martin Grenier is over, Martin Grenier is back on ice.
1:48 of 1st overtime period - Andy Greene is hit by Nick Holden and loses puck.
2:09 of 1st overtime period - Alex Killorn is hit by Andy Greene and loses puck.
2:16 of 1st overtime period - Slapshot by Andy Greene.
2:16 of 1st overtime period - Shot Misses the Net.
2:18 of 1st overtime period - Slapshot by Steve Quailer.
2:18 of 1st overtime period - Stopped by Ray Emery without a rebound.
2:19 of 1st overtime period - Peter Mueller wins face-off versus Pavel Vorobiev in Harfangs zone.
2:28 of 1st overtime period - Niklas Sundstrom is hit by Stefan Ruzicka and loses puck.
2:50 of 1st overtime period - Icing by Chris Mcallister.
2:51 of 1st overtime period - Boyd Gordon wins face-off versus Tyler Bozak in River Rats zone.
2:52 of 1st overtime period - Snap shot by Dustin Jeffrey.
2:52 of 1st overtime period - Shot Misses the Net.
3:07 of 1st overtime period - Snap shot by Chris Mcallister.
3:07 of 1st overtime period - Shot Misses the Net.
4:11 of 1st overtime period - Chris Mcallister is hit by Pavel Vorobiev and loses puck.
4:48 of 1st overtime period - Alex Killorn is hit by Brett Maclean and loses puck.
4:53 of 1st overtime period - Snap shot by James Van Riemsdyk.
4:53 of 1st overtime period - Stopped by Ray Emery with a rebound.
4:55 of 1st overtime period - Wrist shot by Tyler Myers.
4:55 of 1st overtime period - Stopped by Ray Emery with a rebound.
4:57 of 1st overtime period - Slapshot by Tyler Myers.
4:57 of 1st overtime period - Deflect By James Van Riemsdyk.
4:57 of 1st overtime period - Stopped by Ray Emery with a rebound.
4:59 of 1st overtime period - Wrist shot by James Van Riemsdyk.
4:59 of 1st overtime period - Shot Misses the Net.
Goals for this period are 0 for River Rats vs 0 for Harfangs.
Shots for this period are 4 for River Rats vs 0 for Harfangs.
ShootOut
5:00 of 1st overtime period - Penalty Shot by Steve Quailer for River Rats.
5:00 of 1st overtime period - Wrist shot by Steve Quailer.
5:00 of 1st overtime period - Stopped by Ray Emery.
5:00 of 1st overtime period - Penalty Shot by Pavel Vorobiev for Harfangs.
5:00 of 1st overtime period - Wrist shot by Pavel Vorobiev.
5:00 of 1st overtime period - Stopped by Adam Munro.
5:00 of 1st overtime period - Penalty Shot by Tyler Bozak for River Rats.
5:00 of 1st overtime period - Wrist shot by Tyler Bozak.
5:00 of 1st overtime period - Shot Misses the Net.
5:00 of 1st overtime period - Penalty Shot by Boyd Gordon for Harfangs.
5:00 of 1st overtime period - Wrist shot by Boyd Gordon.
5:00 of 1st overtime period - Goal by Boyd Gordon.
5:00 of 1st overtime period - Penalty Shot by Chris Mcallister for River Rats.
5:00 of 1st overtime period - Snap shot by Chris Mcallister.
5:00 of 1st overtime period - Stopped by Ray Emery.
Output by the SimonT Hockey Simulator (STHS) for François Prévost -- Original Page W3C XHTML 1.0 Valid